Map: Acid Plant LE

Players

Lambo

  • Race: Zerg Zerg
  • League: Master
  • Spawn Location: 5:00

Zest - Winner!

  • Race: Protoss Protoss
  • League: Master
  • Spawn Location: 11:00

Event: HomeStory Cup XVIII

VOD

Have the link to the VOD?

Description

Time

  • Played on: Nov. 23, 2018, 6:02 p.m.
  • Length: 10:38

All games in this series

Show
View Real Time Build Order
Export as new Build Order

Lambo Zerg 

Build Orders: Hatch First 

Get SALT Encoding   

  12  0:00  Drone  
  13  0:12  Overlord  
  13  0:17  Drone  
  14  0:30  Drone x2  
  16  0:48  Hatchery  
  15  0:51  Drone  
  15  0:55  Drone  
  17  0:58  Drone  
  18  1:09  Extractor  
  17  1:15  Spawning Pool  
  17  1:17  Drone  
  17  1:22  Drone  
  18  1:27  Drone  
  19  1:39  Drone  
  20  1:54  Drone  
  21  2:01  Queen x2  
  21  2:02  Overlord, Zergling x2  
  26  2:11  Drone  
  26  2:15  Drone  
  28  2:17  Metabolic Boost  
  28  2:26  Drone x2  
  30  2:34  Zergling x2  
  31  2:39  Hatchery  
  31  2:43  Zergling x2  
  31  2:50  Overlord  
  31  2:51  Queen  
  31  2:58  Zergling x2  
  34  3:03  Drone x2  
  36  3:09  Overlord  
  36  3:10  Drone  
  37  3:14  Drone x3  
  37  3:19  Drone  
  41  3:23  Drone  
  41  3:27  Drone  
  41  3:32  Spore Crawler  
  41  3:34  Queen, Drone  
  42  3:37  Drone  
  42  3:40  Spore Crawler  
  44  3:41  Drone  
  44  3:44  Drone  
  44  3:47  Drone x2  
  48  3:50  Drone  
  48  3:51  Lair  
  48  3:52  Drone  
  48  3:53  Drone  
  51  3:57  Extractor  
  51  3:58  Extractor  
  51  4:01  Spore Crawler  
  51  4:02  Overlord  
  48  4:04  Drone  
  48  4:09  Drone  
  50  4:19  Overlord  
  50  4:21  Drone x3  
  50  4:22  Drone x2  
  55  4:24  Drone x3  
  58  4:35  Extractor, Overlord  
  58  4:36  Drone  
  58  4:37  Drone x4  
  62  4:41  Drone  
  62  4:42  Drone  
  64  4:48  Drone x4  
  66  4:56  Hydralisk Den  
  66  4:57  Overlord  
  65  5:02  Overlord  
  65  5:03  Overlord  
  65  5:08  Overlord  
  65  5:12  Overlord  
  64  5:14  Drone  
  64  5:15  Overlord  
  63  5:27  Hydralisk x6  
  75  5:30  Muscular Augments  
  75  5:32  Hydralisk  
  77  5:35  Hydralisk x2  
  77  5:40  Hydralisk x2  
  85  5:43  Hydralisk  
  85  5:49  Hydralisk  
  89  5:50  Baneling Nest  
  89  5:52  Hydralisk  
  90  5:57  Overlord  
  90  5:58  Overlord  
  90  6:01  Overlord  
  90  6:04  Overlord  
  90  6:09  Overlord  
  88  6:12  Zergling x4  
  88  6:17  Zergling x4  
  92  6:21  Zergling x2  
  91  6:26  Zergling x2  
  91  6:29  Zergling x2  
  91  6:35  Zergling x4  
  90  6:41  Hydralisk  
  90  6:44  Hydralisk  
  84  6:54  Zergling x10  
  84  6:57  Zergling x2  
  88  7:02  Zergling x6  
  88  7:07  Zergling x4  
  86  7:09  Hydralisk  
  86  7:12  Hydralisk  
  77  7:17  Zergling x4  
  76  7:23  Zergling x6  
  76  7:25  Zergling x2  
  80  7:30  Zergling x6  
  80  7:33  Drone  
  81  7:39  Spire  
  81  7:40  Drone  
  79  7:44  Drone x2  
  79  7:47  Drone x2  
  79  7:49  Baneling x3  
  83  7:53  Overlord  
  83  7:54  Drone  
  84  8:00  Hydralisk x2  
  84  8:01  Drone  
  84  8:03  Drone  
  90  8:06  Extractor  
  90  8:07  Extractor  
  90  8:08  Baneling x2  
  90  8:09  Drone x2  
  90  8:10  Drone  
  91  8:13  Drone x2  
  91  8:19  Drone x4  
  92  8:34  Queen  
  94  8:52  Mutalisk x9  
  112  8:57  Mutalisk x2  
  103  9:05  Drone x3  
  106  9:10  Mutalisk  
  106  9:16  Hydralisk x2  
  108  9:20  Hydralisk  
  108  9:23  Hydralisk x2  
  108  9:24  Hydralisk  
  109  9:29  Hydralisk  
  115  9:31  Hydralisk  
  115  9:36  Hydralisk x2  
  121  9:39  Zergling x2  
  121  9:44  Hydralisk  
  121  9:47  Hydralisk  
  121  9:48  Hydralisk x2  
  110  9:56  Hydralisk x2  
  110  10:00  Hydralisk  
  110  10:04  Zergling x8  
  114  10:10  Zergling x4  
Show
View Real Time Build Order
Export as new Build Order

Zest Protoss - Winner!

Build Orders: 1 Gate Expand, Oracle Opening, Archon Immortal, Archon Drop 

Get SALT Encoding   

  12  0:00  Probe  
  13  0:12  Probe  
  14  0:17  Pylon  
  14  0:24  Probe  
  15  0:32  Probe  
  15  0:38  Gateway  
  15  0:40  Probe  
  16  0:49  Assimilator  
  17  0:51  Probe  
  18  1:03  Probe  
  19  1:15  Probe  
  20  1:25  Cybernetics Core  
  20  1:34  Nexus  
  20  1:38  Probe  
  21  1:44  Pylon  
  21  1:50  Probe  
  21  1:52  Assimilator  
  21  1:53  Adept  
  22  2:02  Probe  
  25  2:11  Adept  
  25  2:14  Probe  
  28  2:26  Probe  
  29  2:30  Stargate  
  29  2:36  Stalker  
  31  2:46  Probe  
  31  2:47  Probe  
  31  2:48  Warp Gate  
  33  2:58  Probe  
  34  2:59  Probe  
  34  3:04  Oracle  
  35  3:10  Probe  
  35  3:11  Probe  
  40  3:22  Probe  
  40  3:23  Probe  
  42  3:28  Pylon, Assimilator  
  42  3:32  Assimilator  
  42  3:34  Probe  
  42  3:35  Probe  
  42  3:36  Oracle  
  42  3:39  Gateway  
  44  3:44  Probe  
  44  3:46  Probe  
  49  3:52  Pylon, Probe  
  49  3:58  Probe  
  49  4:01  Probe, Robotics Facility  
  52  4:11  Twilight Council, Probe  
  52  4:13  Probe  
  54  4:23  Probe  
  55  4:26  Probe  
  55  4:29  Gateway  
  55  4:30  Gateway  
  56  4:37  Pylon  
  56  4:39  Warp Prism  
  56  4:52  Templar Archives  
  58  4:53  Probe x2  
  58  4:59  Zealot x2  
  64  5:09  Pylon  
  64  5:12  Probe x2  
  65  5:22  Observer  
  65  5:25  Probe x2  
  65  5:26  Nexus  
  67  5:30  Pylon  
  67  5:31  High Templar x2  
  67  5:32  High Templar x2  
  76  5:36  Archon x2  
  76  5:40  Probe x2  
  78  5:46  Immortal  
  78  5:47  Forge  
  78  5:49  Charge  
  82  6:13  Protoss Ground Weapons Level 1, Probe x2  
  84  6:28  Gateway  
  84  6:29  Gateway  
  84  6:30  Gateway x2, Immortal  
  84  6:34  Psionic Storm  
  88  6:47  Zealot x4  
  88  7:07  Adept x2  
  88  7:08  Adept x2, Immortal  
  72  7:21  Shield Battery  
  76  7:25  Zealot x2  
  76  7:26  Zealot x2  
  84  7:35  Warp Prism  
  84  7:36  High Templar  
  84  7:37  High Templar x2  
  90  7:40  High Templar  
  92  7:44  Probe x2  
  92  7:45  Probe  
  92  7:47  Pylon  
  92  7:48  Pylon  
  92  7:50  Assimilator  
  97  7:53  Zealot  
  97  7:55  Sentry, Assimilator  
  101  8:00  Photon Cannon  
  101  8:03  Shield Battery, Pylon  
  101  8:04  Pylon  
  101  8:05  Photon Cannon, Probe x3  
  104  8:08  Photon Cannon  
  104  8:18  Zealot  
  104  8:19  Zealot x4  
  114  8:23  Observer  
  112  8:28  High Templar x2  
  117  8:34  Probe x3  
  117  8:39  Pylon  
  117  8:40  Pylon  
  120  8:41  Immortal  
  120  8:45  Photon Cannon  
  120  9:09  High Templar x2  
  127  9:25  Phoenix  
  127  9:26  High Templar x2  
  127  9:30  Nexus  
  131  9:32  Pylon  
  131  9:35  Pylon, Archon  
  133  9:42  Stalker x4  
  133  9:43  Stalker x2  
  133  9:44  Phoenix  
  121  10:01  Phoenix  
  122  10:30  Zealot x6  
  122  10:31  Zealot  
Tags
 
Add a new tag
Caveats
  • Supply blocks, unpowered buildings, or Contaminate may cause inaccurate times.
  • Supply counts are checked every 10 seconds.